 Dungeon Crawl Stone Soup version 0.31.0-11-ge490571c62 (webtiles) character file.

Game seed: 17879023377344781471

220 qw the Skirmisher (level 5, -6/29 HPs)
             Began as a Deep Elf Hunter on Feb 4, 2024.
             Mangled by a gnoll
             ... wielding a +0 halberd
              (7 damage)
             ... on level 7 of the Dungeon.
             The game lasted 00:00:07 (2274 turns).

qw the Skirmisher (Deep Elf Hunter)                 Turns: 2274, Time: 00:00:08

Health: -6/29      AC:  9    Str: 10    XL:     5   Next: 64%
Magic:  7/7        EV: 14    Int: 14    God:
Gold:   196        SH:  5    Dex: 18    Spells: 4/4 levels left

rFire   . . .        a - +1 shortbow
rCold   . . .        (shield currently unavailable)
rNeg    + . .        k - +0 scale mail
rPois   .            l - +0 helmet
rElec   .            (no cloak)
rCorr   .            b - +0 pair of gloves
SInv    .            g - +0 pair of boots
Will    .....        m - amulet of reflection
Stlth   +            d - +5 ring of evasion
HPRegen 0.24/turn    i - ring of positive energy
MPRegen 0.10/turn

%: reflection
@: no status effects
A: no striking features
a: no special abilities


You were on level 7 of the Dungeon.
You visited 1 branch of the dungeon, and saw 5 of its levels.

You collected 196 gold pieces.


   Skills:
 - Level 1.5 Fighting
 + Level 8.6 Ranged Weapons
 - Level 1.7 Armour
 - Level 2.4 Dodging
 - Level 1.2 Stealth


You had 4 spell levels left.
You didn't know any spells.
Your spell library was empty.

Inventory:

Hand Weapons
 a - a +1 shortbow (weapon)
Armour
 b - a +0 pair of gloves (worn)
 g - a +0 pair of boots (worn)
 k - a +0 scale mail (worn)
 l - a +0 helmet (worn)
Jewellery
 d - a +5 ring of evasion (left hand)
 i - a ring of positive energy (right hand)
 m - an amulet of reflection (around neck)
Scrolls
 n - a scroll of identify {unknown}
 p - a scroll of amnesia {unknown}
Potions
 c - 2 potions of enlightenment {unknown}
 e - a potion of magic {unknown}
 f - a potion of degeneration {unknown}
 h - 5 potions of curing
 j - a potion of might {unknown}
 o - a potion of lignification {unknown}
 q - a potion of mutation {unknown}

Dungeon Overview and Level Annotations

Branches:
Dungeon (4/15)
 Temple: D:4-7

Altars:
Dithmenos


Message History

A gnoll comes into view. It is wielding a +0 club.
The gnoll shouts!
You shoot an arrow. The arrow barely misses the gnoll.
You shoot an arrow. The arrow hits the gnoll.
The gnoll is heavily wounded.
A gnoll comes into view. It is wielding a +0 spear.
A jelly comes into view.
You shoot an arrow. The gnoll shouts!
The arrow hits the gnoll but does no damage.
The gnoll is heavily wounded.
You shoot an arrow. The arrow hits the gnoll!
You kill the gnoll!
A gnoll comes into view. It is wielding a +0 halberd.
You shoot an arrow. The gnoll shouts!
The arrow hits the jelly.
The jelly is lightly wounded.
You hear a shout!
You shoot an arrow. The arrow hits the jelly.
The jelly is moderately wounded.
You shoot an arrow. The arrow hits the jelly!
The jelly is almost dead.
You shoot an arrow.
The arrow hits the jelly but does no damage.
The jelly is almost dead.
The jelly misses you.
You shoot an arrow. The arrow barely misses the jelly.
The jelly barely misses you.
The gnoll hits you from afar with a +0 halberd!
The jelly hits you.
You are splashed with acid!
The gnoll closely misses you.
You shoot an arrow. The arrow hits the jelly.
You kill the jelly!
The gnoll hits you from afar with a +0 spear.
The gnoll misses you.
You shoot an arrow. The arrow hits the gnoll!
The gnoll is severely wounded.
The gnoll hits you from afar with a +0 spear.
The gnoll hits you from afar with a +0 halberd!
You die...

..........# #...#
#.#.....#.#####...#
..................#
#.....#####...#
#..#....# #...#
#..###..###)..###
.... #..........#
..### #....(.....#
.... #..@.......#
... #..........# ..
.....gg).....#
...............#
...............#
......##....####
.###.. ...#.# ...
#....


You could see 2 gnolls.

Vanquished Creatures
  A scorpion (D:4)
  A jelly (D:7)
  Terence (D:3)
  5 adders
  A gnoll (D:7)
  2 ribbon worms
  3 dart slugs
  3 orcs
  6 ball pythons
  5 endoplasms
  A hobgoblin (D:1)
  3 kobolds
  A quokka (D:2)
  A bat (D:2)
  3 frilled lizards (D:1)
  2 goblins (D:3)
  4 rats
43 creatures vanquished.

Notes
Turn   | Place    | Note
-------+----------+-------------------------------------------
     0 | D:1      | qw the Deep Elf Hunter began the quest for the Orb.
     0 | D:1      | Reached XP level 1. HP: 12/12 MP: 3/3
     0 | D:1      | 0 ||| qw: Version: 0.3-a-160-g6735b56
     0 | D:1      | 0 ||| qw: Game counter: 4445
     0 | D:1      | 0 ||| qw: Melee chars always use a shield: true
     0 | D:1      | 0 ||| qw: God list: Okawaru
     0 | D:1      | 0 ||| qw: Allow faded altars: false
     0 | D:1      | 0 ||| qw: Do Orc after clearing Dungeon:15 true
     0 | D:1      | 0 ||| qw: Do second Lair branch before Depths: true
     0 | D:1      | 0 ||| qw: Lair rune preference: random
     0 | D:1      | 0 ||| qw: Goals: Normal
     0 | D:1      | 0 ||| PLANNING D:1-11
   121 | D:1      | Reached XP level 2. HP: 16/16 MP: 4/4
   126 | D:1      | Reached skill level 6 in Ranged Weapons
   392 | D:1      | 392 ||| UPGRADING to +0 pair of boots.
   397 | D:1      | 397 ||| UPGRADING to +5 ring of evasion.
   398 | D:1      | 398 ||| UPGRADING to ring of positive energy.
   399 | D:1      | 399 ||| DROPPING scroll of butterflies.
   605 | D:2      | Reached XP level 3. HP: 20/20 MP: 5/5
  1085 | D:2      | 1085 ||| UPGRADING to +0 pair of gloves.
  1090 | D:2      | 1090 ||| READING scroll labelled FOROAT DEBICH.
  1119 | D:3      | Reached skill level 7 in Ranged Weapons
  1187 | D:3      | Found a faded altar of an unknown god.
  1271 | D:3      | Noticed Terence
  1282 | D:3      | Killed Terence
  1283 | D:3      | Reached XP level 4. HP: 8/25 MP: 6/6
  1619 | D:3      | Reached skill level 8 in Ranged Weapons
  1783 | D:3      | 1783 ||| UPGRADING to +0 scale mail.
  1793 | D:3      | 1793 ||| DROPPING +0 leather armour.
  1794 | D:3      | 1794 ||| UPGRADING to +0 helmet.
  1799 | D:3      | 1799 ||| UPGRADING to amulet of reflection.
  1804 | D:3      | 1804 ||| READING scroll labelled WEAPRI EWOUDA.
  1804 | D:3      | 1804 ||| ENCHANTING +0 shortbow.
  1805 | D:3      | 1805 ||| READING scroll labelled NILIFF ZIEBA.
  1906 | D:3      | 1906 ||| READING scroll labelled GOAVEO CYLANG.
  1907 | D:3      | 1907 ||| DRINKING 5 blue potions.
  2017 | D:4      | Noticed a scorpion
  2029 | D:4      | Killed a scorpion
  2030 | D:4      | Reached skill level 1 in Armour
  2030 | D:4      | Reached XP level 5. HP: 23/29 MP: 7/7
  2130 | D:4      | Found a shadowy altar of Dithmenos.
  2241 | D:4      | You fall into a shaft and drop 3 floors!
  2273 | D:7      | HP: 3/29 [gnoll/+0 spear (5)]
  2274 | D:7      | HP: 1/29 [gnoll/+0 spear (2)]
  2274 | D:7      | Mangled by a gnoll

Levels and vault maps discovered:
D:1:      roderic_dead_forest, layout_rooms, serial_bayou_pond_e
D:2:      layout_loops_ring
D:3:      layout_rooms, ebering_ecumenical_altar_box, minmay_door_square,
          uniq_terence
D:4:      layout_basic, nicolae_dithmenos_the_darkroom
D:7:      layout_rooms, kennysheep_vampire_church, enter_bailey_5, serial_shops,
          shop, grunt_ministairs_1, uniq_pikel, uniq_prince_ribbit1

Skill      XL: |  1  2  3  4 |
---------------+-------------+-----
Ranged Weapons | 6 7 8 |  8.6
Armour         | 1 |  1.7
Fighting       | |  1.5
Dodging        | |  2.4
Stealth        | |  1.2

Action                     |  1- 3 |  4- 6 || total
---------------------------+-------+-------++-------
   Fire: Shortbow          |   112 |    52 ||   164
    Use: Scroll            |     1 |     3 ||     4
         Potion            |       |     1 ||     1
 Armour: Leather armour    |    14 |     3 ||    17
         Scale mail        |       |    11 ||    11
  Dodge: Dodged            |    22 |    20 ||    42
  Block: Other             |       |     3 ||     3

Table legend:
 A = Non-vault XP
 B = Vault XP
 C = Vault XP percentage of total XP
 D = Non-vault monster count
 E = Vault monster count
 F = Vault count percentage of total count
                 A         B        C        D         E       F
            +---------+---------+-------+---------+---------+-------
      Total |     279 |      36 |  11.4 |      42 |       1 |   2.3
            +---------+---------+-------+---------+---------+-------
        D:1 |      21 |       0 |   0.0 |      14 |       0 |   0.0
        D:2 |      23 |       0 |   0.0 |       5 |       0 |   0.0
        D:3 |      87 |      36 |  29.3 |      18 |       1 |   5.3
        D:4 |      92 |       0 |   0.0 |       2 |       0 |   0.0
        D:7 |      56 |       0 |   0.0 |       3 |       0 |   0.0
            +---------+---------+-------+---------+---------+-------
